 Dungeon Crawl Stone Soup version 0.23.2-1-ga50397a (webtiles) character file.

Game seed: 17623174926016630634

80553 whitewolfNL the Warrior (level 15, -4/116 HPs)
             Began as a Minotaur Berserker on May 22, 2019.
             Was the Champion of Trog.
             Slain by a bone dragon (9 damage)
             ... on level 2 of the Abyss.
             The game lasted 02:13:33 (25462 turns).

whitewolfNL the Warrior (Minotaur Berserker)       Turns: 25462, Time: 02:13:34

Health: -4/116     AC: 18    Str: 28    XL:     15   Next: 24%
Magic:  18/18      EV: 16    Int:  4    God:    Trog [******]
Gold:   1750       SH:  8    Dex: 15    Spells: 14/14 levels left

rFire    . . .     SeeInvis +   D - +4 flail (drain)
rCold    . . .     Gourm    .   X - +3 warlock's mirror {reflect}
rNeg     . . .     Faith    .   M - +4 chain mail
rPois    .         Spirit   .   (helmet unavailable)
rElec    .         Reflect  +   G - scarf {repulsion}
rCorr    .         Harm     .   E - +0 pair of gloves
MR       +++..     Rnd*Tele +   (no boots)
Stlth    ..........             t - amulet "Bupli" {+Rage MR+ Str+4 Dex+2}
HPRegen  0.29/turn              i - +3 ring of dexterity
MPRegen  0.16/turn              K - ring of see invisible

@: about to teleport, berserk cooldown, very slightly contaminated, hasted and
slowed, repel missiles, very slow
A: retaliatory headbutt, horns 3, clumsy 1[+1], [deterioration 2], [frail 2],
high mp 1, magic resistance 1, [teleportitis 2]
a: Berserk, Trog's Hand, Brothers in Arms, Renounce Religion, Evoke Berserk Rage


You were on level 2 of the Abyss.
You worshipped Trog.
Trog was exalted by your worship.
You were not hungry.

You visited 2 branches of the dungeon, and saw 20 of its levels.
You visited the Abyss 1 time.
You also visited: Gauntlet.

You collected 1750 gold pieces.

Inventory:

Hand Weapons
 f - a +3 longbow of flaming
 C - the +7 mace "Weigois" {crush, rN+ MR+ Str+4 Int+2}
   (You found it on level 7 of the Dungeon)

   It inflicts extra damage upon your enemies.
   It affects your strength (+4).
   It affects your intelligence (+2).
   It protects you from negative energy.
   It affects your resistance to hostile enchantments.
 D - a +4 flail of draining (weapon)
 V - a +8 antimagic great mace
Missiles
 h - 187 sling bullets
 k - 56 bolts
 q - 194 arrows
 u - 4 javelins of returning (quivered)
 Q - 5 steel javelins
Armour
 E - a +0 pair of gloves (worn)
 G - a scarf of repulsion (worn)
 H - +1 ice dragon scales
 M - a +4 chain mail (worn)
 W - a +2 hat of magic resistance
 X - the +3 warlock's mirror (worn) {reflect}
   (You found it on level 6 of the Lair of Beasts)
 Z - the +2 shield of Mysticism {rN+}
   (You found it in a Gauntlet)

   It protects you from negative energy.
Jewellery
 i - a +3 ring of dexterity (left hand)
 t - the amulet "Bupli" (around neck) {+Rage MR+ Str+4 Dex+2}
   (You found it in a Gauntlet)

   [amulet of rage]

   It affects your strength (+4).
   It affects your dexterity (+2).
   It affects your resistance to hostile enchantments.
   It lets you go berserk.
 K - a ring of see invisible (right hand)
 Y - a +5 ring of intelligence
Wands
 a - a wand of flame (23)
 g - a wand of paralysis (8)
 x - a wand of acid (4)
 y - a wand of enslavement (7)
 I - a wand of digging (3)
 P - a wand of polymorph (17)
Scrolls
 e - 3 scrolls of fear
 n - 5 scrolls of remove curse
 o - 14 scrolls of teleportation
 s - 5 scrolls of enchant weapon
 v - 6 scrolls of enchant armour
 z - a scroll of fog
Potions
 d - 3 potions of brilliance
 l - 4 potions of agility
 m - a potion of might
 p - 2 potions of invisibility {unknown}
 A - 4 potions of cancellation
 B - 2 potions of magic {unknown}
 J - a potion of haste
 L - 2 potions of lignification {unknown}
 N - 2 potions of degeneration {unknown}
 S - 2 potions of flight {unknown}
 U - a potion of curing
Miscellaneous
 r - a fan of gales
 R - a sack of spiders
Comestibles
 c - 20 rations


   Skills:
 * Level 16.6 Fighting
 * Level 16.4 Maces & Flails
 - Level 8.0 Bows
 - Level 4.3 Throwing
 * Level 12.8 Armour
 * Level 12.1 Dodging
 - Level 6.0 Shields
 - Level 4.0 Evocations


You had 14 spell levels left.
You didn't know any spells.
Your spell library was empty.

Dungeon Overview and Level Annotations

Branches:
Dungeon (14/15)            Temple (0/1) D:4            Lair (6/6) D:10
  Swamp (0/4) Lair:4       Spider (0/4) Lair:4        Slime (0/5) Lair:5
    Orc (0/2) D:12
 Vaults: D:13-14

Altars:
Fedhas
Gozag
Hepliaklqana
Nemelex Xobeh
Ru
Trog
Wu Jian
Yredelemnul
Jiyva

Shops:
D:2 *   D:5 (   D:8 %


Innate Abilities, Weirdness & Mutations

You reflexively headbutt those who attack you in melee.
You have a pair of large horns on your head.
You have an increased reservoir of magic. (+10% MP)
You are resistant to hostile enchantments. (MR+)
[You are very clumsy. (Dex -4)]
[Your body often deteriorates upon taking damage.]
[You are very frail. (-20% HP)]
[You are sometimes teleported next to monsters.]


Message History

Your soldier ant stings the starcursed mass.
The starcursed mass shudders and is absorbed by its neighbour.
You block the bone dragon's attack.
The bone dragon claws you but does no damage.
The bone dragon tramples you.
* * * LOW HITPOINT WARNING * * *
You stumble backwards!
Splash!
The wretched star pulses with an eldritch light!
You feel weirdly uncertain.
You feel even more weirdly uncertain.
Your soldier ant twists and deforms.
A starcursed mass splits.
A chorus of shrieks assaults your mind.
* * * LOW HITPOINT WARNING * * *
You feel better. The bone dragon bites you.
* * * LOW HITPOINT WARNING * * *
The bone dragon claws you!
* * * LOW HITPOINT WARNING * * *
The bone dragon tramples you!
You die...

.. #. #.## ..# ..#
##≈♣♣## #≈≈≈≈≈#
♣♣@≈.≈♣# ♣≈D≈≈≈≈#
♣≈a≈..♣# #.....♣#
.## ####X*....#
... #. X.X...#...
.....##XX..####..#
..X..X...##.# ..
......#... ##


You could see a bone dragon, 4 starcursed masses, a wretched star and a friendly
soldier ant.

Vanquished Creatures
  Gastronok (Lair:3)
  The ghost of dscm the Wallflower, a journeyman HOFi of Uskayaw (D:11)
  Nessos (D:13)
  The ghost of goulibeur the Fighter, a journeyman DrBe of Trog (Lair:5)
  A minotaur (Gauntlet)
  4 dire elephants (Lair:6)
  A death ooze (Gauntlet)
  Fannar (Lair:3)
  A catoblepas (Lair:4)
  12 hydras
  A two-headed ogre (D:12)
  An anaconda (Lair:6)
  2 queen ants
  Sonja (D:10)
  5 skeletal warriors (D:13)
  An unseen horror (D:12)
  Pikel (D:4)
  3 wizards
  A lindwurm (Lair:3)
  A wolf spider zombie (D:13)
  A deep elf mage (D:13)
  An orc sorcerer (D:9)
  4 oklob plants (Lair:6)
  A cyclops (D:12)
  2 ugly things (D:12)
  21 elephants
  Maurice (D:9)
  A guardian serpent (D:13)
  5 black mambas
  3 centaur skeletons
  An apocalypse crab (Abyss:2)
  5 rime drakes
  16 spiny frogs
  A kobold demonologist (D:13)
  4 komodo dragons
  5 polar bears
  4 trolls
  A hornet (D:10)
  6 slime creatures
  5 blink frogs (Lair:5)
  A raiju (Gauntlet)
  4 dream sheep (Lair:4)
  12 hippogriffs
  2 vampires
  2 wraiths
  25 yaks
  11 spriggans
  A shadow (D:13)
  Eustachio (D:6)
  3 wyverns
  6 basilisks
  Grum (Lair:1)
  2 steam dragons (Gauntlet)
  A human (D:8)
  4 vampire mosquitoes (D:14)
  4 hungry ghosts
  4 swamp worms (Lair:4)
  Edmund (D:5)
  5 soldier ants
  A large abomination (Abyss:2)
  10 water moccasins
  10 porcupines
  Duvessa (D:6)
  3 ice beasts
  4 orc warriors
  10 black bears
  4 sky beasts
  An eye of draining (D:12)
  4 ogres
  2 slaves (D:4)
  A phantom (D:5)
  2 necrophages
  6 centaurs
  12 crocodiles
  10 wolves
  5 big kobolds
  13 bullfrogs
  Dowan (D:6)
  A wyvern skeleton (D:10)
  3 scorpions
  6 killer bees (D:8)
  13 wights
  2 howler monkeys
  13 electric eels
  A bullfrog zombie (D:11)
  7 crimson imps
  3 centaur zombies
  13 orc priests
  9 hounds
  14 jellies
  Crazy Yiuf (D:4)
  16 orc wizards
  3 bullfrog skeletons
  6 iguanas
  2 hell rats (Lair:6)
  29 worker ants
  2 hound zombies
  2 hound skeletons
  3 gnolls (D:7)
  6 adders
  8 river rats
  5 shadow imps
  5 oozes (D:8)
  4 worms
  A dart slug (D:1)
  5 leopard geckos
  34 orcs
  7 ball pythons
  8 giant cockroaches
  7 goblins
  14 hobgoblins
  15 jackals
  14 kobolds
  A quokka (D:4)
  13 bats
  5 frilled lizards
  A leopard gecko skeleton (D:7)
  A quokka skeleton (D:5)
  A quokka zombie (D:4)
  13 rats
  3 fungi
  4 plants
643 creatures vanquished.

Vanquished Creatures (others)
  2 orcs (D:13)
  9 demonic plants (Gauntlet)
  30 fungi
  18 plants
  10 toadstools (D:8)
69 creatures vanquished.

Grand Total: 712 creatures vanquished

Notes
Turn   | Place    | Note
-------+----------+-------------------------------------------
     0 | D:1      | whitewolfNL the Minotaur Berserker began the quest for the
                  | Orb.
     0 | D:1      | Reached XP level 1. HP: 19/19 MP: 0/0
   196 | D:1      | Reached XP level 2. HP: 26/27 MP: 1/1
   628 | D:1      | Reached skill level 1 in Throwing
   945 | D:2      | Found an ornate altar of the Wu Jian Council.
   945 | D:2      | Found a sparkling altar of Nemelex Xobeh.
   945 | D:2      | Found a sacrificial altar of Ru.
   945 | D:2      | Found a bloodstained altar of Trog.
   951 | D:2      | Reached XP level 3. HP: 33/33 MP: 2/2
  1039 | D:2      | Found Gozag's Platinum Reserve.
  1085 | D:2      | Found an opulent altar of Gozag.
  1233 | D:2      | Reached ** piety under Trog
  1353 | D:2      | Reached XP level 4. HP: 33/40 MP: 3/3
  2078 | D:3      | Noticed a hungry ghost
  2103 | D:3      | Killed a hungry ghost
  2103 | D:3      | Reached XP level 5. HP: 39/47 MP: 4/4
  2250 | D:3      | Reached skill level 5 in Fighting
  2250 | D:3      | Reached skill level 5 in Maces & Flails
  2301 | D:4      | Noticed an ogre
  2302 | D:4      | Noticed an ogre
  2305 | D:4      | Killed an ogre
  2305 | D:4      | Reached XP level 6. HP: 21/56 MP: 5/5
  2309 | D:4      | Reached *** piety under Trog
  2670 | D:4      | Reached XP level 7. HP: 54/61 MP: 6/6
  2737 | D:4      | Noticed Pikel
  2748 | D:4      | Killed Pikel
  2824 | D:4      | Reached XP level 8. HP: 70/70 MP: 7/7
  2929 | D:4      | Reached skill level 5 in Dodging
  3008 | D:4      | Found a runed translucent door.
  3009 | D:4      | Noticed Crazy Yiuf
  3122 | D:4      | Reached skill level 5 in Armour
  3193 | D:4      | Found a staircase to the Ecumenical Temple.
  3734 | D:4      | Killed Crazy Yiuf
  3810 | D:5      | Entered Level 5 of the Dungeon
  4020 | D:5      | Found Ekkirr's Antique Weapon Emporium.
  4020 | D:5      | Noticed Edmund
  4027 | D:5      | Killed Edmund
  4228 | D:5      | Found a basalt altar of Yredelemnul.
  4378 | D:6      | Reached XP level 9. HP: 79/79 MP: 8/8
  4538 | D:6      | Noticed Dowan
  4543 | D:6      | Killed Dowan
  4555 | D:6      | Noticed Duvessa
  4566 | D:6      | Killed Duvessa
  4568 | D:6      | Noticed Eustachio
  4804 | D:7      | Reached **** piety under Trog
  5155 | D:7      | Reached skill level 10 in Maces & Flails
  5205 | D:7      | Got a brightly glowing mace
  5206 | D:7      | Identified the +7 mace "Weigois" {crush, rN+ MR+ Str+4
                  | Int+2} (You found it on level 7 of the Dungeon)
  5401 | D:7      | Reached skill level 1 in Shields
  5635 | D:6      | Found a blossoming altar of Fedhas.
  5635 | D:6      | Found a hazy altar of Hepliaklqana.
  5737 | D:6      | Received a gift from Trog
  5812 | D:6      | Reached skill level 1 in Evocations
  5812 | D:6      | Reached XP level 10. HP: 59/91 MP: 9/9
  6151 | D:6      | Killed Eustachio
  6196 | D:8      | Reached ***** piety under Trog
  6441 | D:8      | Found Ditwiklae's Food Boutique.
  6747 | D:8      | Reached skill level 10 in Fighting
  7391 | D:9      | Noticed an orc sorcerer
  7391 | D:9      | Noticed a wizard
  7398 | D:9      | Noticed a wizard
  7402 | D:9      | Killed an orc sorcerer
  7413 | D:9      | Killed a wizard
  7413 | D:9      | Reached XP level 11. HP: 26/101 MP: 12/12
  7743 | D:9      | Noticed Maurice
  7757 | D:9      | Killed Maurice
  7886 | D:9      | Got an encrusted war axe
  7928 | D:9      | Killed a wizard
  7928 | D:9      | Received a gift from Trog
  7931 | D:9      | Reached skill level 5 in Shields
  8328 | D:9      | Identified the +3 war axe "Ithyhobb" {holy, rN+ Int+5} (You
                  | found it on level 9 of the Dungeon)
  8374 | D:10     | Entered Level 10 of the Dungeon
  8696 | D:10     | Noticed Sonja
  8725 | D:10     | Paralysed by fainting for 5 turns
  9119 | D:10     | Received a gift from Trog
  9144 | D:10     | Found a staircase to the Lair.
  9151 | D:10     | Killed Sonja
 10858 | D:11     | Noticed an eight-headed hydra
 10877 | D:11     | Killed an eight-headed hydra
 11934 | D:11     | Found a runed translucent gate.
 11934 | D:11     | Found a runed translucent gate.
 11938 | D:11     | Found a runed translucent gate.
 11938 | D:11     | Noticed dscm's ghost (journeyman HOFi)
 11957 | D:11     | Killed dscm's ghost
 12124 | D:12     | Noticed a two-headed ogre
 12128 | D:12     | Noticed a purple ugly thing
 12129 | D:12     | Noticed a brown ugly thing
 12138 | D:12     | Killed a two-headed ogre
 12138 | D:12     | Reached XP level 12. HP: 112/112 MP: 14/14
 12192 | D:12     | Found a staircase to the Orcish Mines.
 12262 | D:12     | Found a gate leading to a gauntlet.
 12266 | Gauntlet | Entered a Gauntlet
 12266 | Gauntlet | Found a transporter.
 12275 | Gauntlet | Found a transporter.
 12290 | Gauntlet | Found a transporter.
 12292 | Gauntlet | Found a large runed translucent door.
 12292 | Gauntlet | Found a large runed translucent door.
 12293 | Gauntlet | Found a large runed translucent door.
 12293 | Gauntlet | Found a large runed translucent door.
 12294 | Gauntlet | Found a large runed translucent door.
 12294 | Gauntlet | Found a runed translucent door.
 12294 | Gauntlet | Found a large runed translucent door.
 12294 | Gauntlet | Found a runed translucent door.
 12294 | Gauntlet | Found a large runed translucent door.
 12294 | Gauntlet | Found a large runed translucent door.
 12295 | Gauntlet | Found a large runed translucent door.
 12295 | Gauntlet | Found a large runed translucent door.
 12298 | Gauntlet | Found a transporter.
 12347 | Gauntlet | Found a transporter.
 12347 | Gauntlet | Noticed a queen ant
 12354 | Gauntlet | Killed a queen ant
 12355 | Gauntlet | Found a transporter.
 12355 | Gauntlet | Found a transporter.
 12359 | Gauntlet | Found a transporter.
 12396 | Gauntlet | Noticed an entropy weaver
 12480 | Gauntlet | Found a large runed translucent door.
 12480 | Gauntlet | Found a large runed translucent door.
 12481 | Gauntlet | Found a large runed translucent door.
 12481 | Gauntlet | Found a large runed translucent door.
 12481 | Gauntlet | Found a large runed translucent door.
 12481 | Gauntlet | Found a large runed translucent door.
 12506 | Gauntlet | Noticed a death ooze
 12506 | Gauntlet | Found a runed translucent gate.
 12506 | Gauntlet | Found a runed translucent gate.
 12506 | Gauntlet | Found a runed translucent gate.
 12507 | Gauntlet | Found a transporter.
 12525 | Gauntlet | Killed a death ooze
 12536 | Gauntlet | Got an ancient ivory amulet
 12542 | Gauntlet | Identified the amulet "Bupli" {+Rage MR+ Str+4 Dex+2} (You
                  | found it in a Gauntlet)
 12780 | Gauntlet | Found a transporter.
 12781 | Gauntlet | Found the amulet of the Air {Inacc +Fly rElec EV+5 RMsl}
 12781 | Gauntlet | Noticed a minotaur
 12784 | Gauntlet | Found a transporter.
 12793 | Gauntlet | Killed a minotaur
 12870 | Gauntlet | Identified the Disquisition on Captivating Transmigration
 12885 | Gauntlet | Got a shimmering dire flail
 12892 | Gauntlet | Lost intelligence.
 12892 | Gauntlet | Identified the cursed +1 dire flail "Eczip" {freeze, rElec
                  | rC+ MR+++ Int-5} (You found it in a Gauntlet)
 13112 | Gauntlet | Got a faintly glowing shield
 13114 | Gauntlet | Got a polished ring mail
 13125 | Gauntlet | Identified the cursed +0 ring mail of the Leaf {+Inv} (You
                  | found it in a Gauntlet)
 13139 | Gauntlet | Identified the +2 shield of Mysticism {rN+} (You found it
                  | in a Gauntlet)
 13690 | D:12     | Received a gift from Trog
 13740 | D:12     | Reached skill level 10 in Armour
 13946 | D:13     | Noticed Nessos
 14542 | D:13     | Reached XP level 13. HP: 64/123 MP: 15/15
 14963 | D:12     | Reached skill level 10 in Dodging
 15109 | D:13     | Killed Nessos
 15773 | Lair:1   | Entered Level 1 of the Lair of Beasts
 15793 | Lair:1   | Noticed Grum
 15801 | Lair:1   | Killed Grum
 15805 | Lair:1   | Reached ****** piety under Trog
 15877 | Lair:1   | Gained mutation: Your muscles are strong. (Str +2) [potion
                  | of mutation]
 15877 | Lair:1   | Gained mutation: You are resistant to hostile enchantments.
                  | (MR+) [potion of mutation]
 15892 | Lair:1   | Reached skill level 1 in Bows
 15930 | Lair:1   | Got a faintly humming chain mail
 15941 | Lair:1   | Identified the cursed +1 chain mail of the Slorg {rF- rC+
                  | Str+4 Int+3 Stlth+} (You found it on level 1 of the Lair of
                  | Beasts)
 16062 | Lair:1   | Received a gift from Trog
 16072 | Lair:1   | Lost mutation: Your muscles are strong. (Str +2) [potion of
                  | mutation]
 16072 | Lair:1   | Gained mutation: [You are clumsy. (Dex -2)] [potion of
                  | mutation]
 16072 | Lair:1   | Gained mutation: Your mind is acute. (Int +2) [potion of
                  | mutation]
 16072 | Lair:1   | Gained mutation: Your mind is very acute. (Int +4) [potion
                  | of mutation]
 16078 | Lair:1   | Lost mutation: Your mind is very acute. (Int +4) [potion of
                  | mutation]
 16078 | Lair:1   | Lost mutation: Your mind is acute. (Int +2) [potion of
                  | mutation]
 16078 | Lair:1   | Gained mutation: You have an increased reservoir of magic.
                  | (+10% MP) [potion of mutation]
 16078 | Lair:1   | Gained mutation: You have a pair of large horns on your
                  | head. [potion of mutation]
 16705 | Lair:1   | Got a fine spear
 17019 | Lair:2   | Got a fine ring mail
 17023 | Lair:2   | Identified the +5 spear of Eternal Vigilance {freeze, +Rage
                  | Int+3} (You found it on level 1 of the Lair of Beasts)
 17049 | Lair:2   | Identified the +3 ring mail of Seiphis {rCorr} (You found
                  | it on level 2 of the Lair of Beasts)
 17365 | Lair:2   | Received a gift from Trog
 17411 | Lair:2   | Reached skill level 15 in Maces & Flails
 17897 | Lair:3   | Noticed Gastronok
 17922 | Lair:3   | Killed Gastronok
 18491 | Lair:3   | Noticed Fannar
 18513 | Lair:3   | Killed Fannar
 18513 | Lair:3   | Reached skill level 15 in Fighting
 19228 | Lair:4   | Reached skill level 5 in Bows
 19234 | Lair:4   | Reached XP level 14. HP: 133/135 MP: 17/17
 19473 | Lair:4   | Found a hole to the Spider Nest.
 20112 | Lair:4   | Received a gift from Trog
 20149 | Lair:4   | Found a staircase to the Swamp.
 20592 | Lair:5   | Found a runed translucent gate.
 20592 | Lair:5   | Noticed goulibeur's ghost (journeyman DrBe)
 20639 | Lair:5   | Found a runed translucent gate.
 20640 | Lair:5   | Found a runed translucent gate.
 20676 | Lair:5   | Found a viscous altar of Jiyva.
 20676 | Lair:5   | Found a staircase to the Slime Pits.
 21665 | Lair:5   | Killed goulibeur's ghost
 21776 | Lair:6   | Entered Level 6 of the Lair of Beasts
 21938 | Lair:6   | Received a gift from Trog
 22517 | Lair:6   | Received a gift from Trog
 23432 | Lair:6   | Reached XP level 15. HP: 133/145 MP: 18/18
 23442 | Lair:6   | HP: 4/145 [acid (16)]
 23989 | Lair:6   | Received a gift from Trog
 24402 | Lair:6   | Found the +3 warlock's mirror {reflect}
 24402 | Lair:6   | Found the +5 scythe "Finisher" {speed, eviscerate}
 25230 | D:14     | Cast into level 2 of the Abyss (rakshasa)
 25230 | Abyss:2  | Found a corrupted altar of Lugonu.
 25276 | Abyss:2  | Noticed a hellephant
 25440 | Abyss:2  | Noticed a bone dragon
 25461 | Abyss:2  | HP: 2/116 [starcursed mass/accursed screaming (6)]
 25462 | Abyss:2  | Slain by a bone dragon

Skill      XL: |  1  2  3  4  5  6  7  8  9 10 11 12 13 14 15 |
---------------+----------------------------------------------+-----
Fighting       | 4 5 7 9 10 12 13 15 16 | 16.6
Throwing       | 1 2 3 4 |  4.3
Maces & Flails | 4 5 6 8 10 11 12 14 15 16 | 16.4
Dodging        | 3 4 5 6 7 8 9 10 11 12 | 12.1
Armour         | 3 4 5 7 9 10 11 12 | 12.8
Shields        | 1 4 6 |  6.0
Evocations     | 1 3 4 |  4.0
Bows           | 5 8 |  8.0

Action                   |  1- 3 |  4- 6 |  7- 9 | 10-12 | 13-15 || total
-------------------------+-------+-------+-------+-------+-------++-------
Melee: Mace              |    81 |    82 |    42 |   328 |   139 ||   672
       Headbutt          |    13 |    22 |    60 |   152 |   226 ||   473
       Whip              |       |       |    11 |       |       ||    11
       Flail             |       |       |   201 |   209 |   484 ||   894
       Great mace        |       |       |       |       |    95 ||    95
       Unarmed           |       |       |       |       |     3 ||     3
 Fire: Blowgun           |       |       |       |    55 |       ||    55
       Longbow           |       |       |       |       |    29 ||    29
Throw: Javelin           |       |       |       |       |    54 ||    54
Invok: Berserk           |     1 |     2 |     9 |    23 |    21 ||    56
Evoke: Wand              |       |       |       |     8 |    24 ||    32
       Sack of spiders   |       |       |       |       |     1 ||     1
  Use: Scroll            |       |       |     4 |    11 |    17 ||    32
       Potion            |       |       |       |     9 |    11 ||    20
 Stab: Sleeping          |     1 |       |       |       |       ||     1
  Eat: Chunk             |     2 |     4 |    21 |    26 |    42 ||    95
       Ration            |       |     1 |     1 |     7 |     4 ||    13
Armor: Animal skin       |    27 |     4 |       |       |       ||    31
       Ring mail         |       |    29 |    14 |       |       ||    43
       Chain mail        |       |       |    73 |   140 |   272 ||   485
       Plate armour      |       |       |    53 |   155 |       ||   208
Dodge: Dodged            |    56 |    71 |   122 |   293 |   383 ||   925
       Deflected         |       |       |       |       |    11 ||    11
Block: Buckler           |       |       |     7 |   117 |    33 ||   157
       Shield            |       |       |       |    72 |   327 ||   399
       Reflection        |       |       |       |       |     1 ||     1
